 Dungeon Crawl Stone Soup version 0.30-a0-141-g30f27751c5 (webtiles) character file.

Game seed: 9413887843207714801

78 qw the Chopper (level 4, -2/28 HPs)
             Began as a Gargoyle Fighter on Sept 25, 2022.
             Slain by an orc warrior
             ... wielding a +0 mace
              (7 damage)
             ... on level 3 of the Dungeon.
             The game lasted 00:00:48 (2075 turns).

qw the Chopper (Gargoyle Fighter)                   Turns: 2075, Time: 00:00:49

Health: -2/28      AC: 11    Str: 21    XL:     4   Next: 36%
Magic:  4/4        EV:  9    Int:  9    God:
Gold:   146        SH:  4    Dex:  9    Spells: 3/3 levels left

rFire   . . .      SeeInvis .    Y - +0 war axe
rCold   . . .      Faith    .    c - +0 buckler
rNeg    + . .      Spirit   .    b - +0 scale mail
rPois   inf        Reflect  .    (no helmet)
rElec   +          Harm     .    (no cloak)
rCorr   .          Rampage  .    k - +0 pair of gloves
Will    .....                    (no boots)
Stlth   ..........               (no amulet)
HPRegen 0.09/turn                (no ring)
MPRegen 0.09/turn                (no ring)

@: no status effects
A: sickness immunity, AC +3, negative energy resistance 1, electricity
resistance, torment resistance 1, petrification resistance
a: no special abilities


You were on level 3 of the Dungeon.
You visited 1 branch of the dungeon, and saw 3 of its levels.

You collected 146 gold pieces.


Innate Abilities, Weirdness & Mutations

You are immune to sickness and miasma.
Your stone body is resilient. (AC +3)
You are immune to poison.
You resist negative energy. (rN+)
You are resistant to electric shocks. (rElec)
You are resistant to unholy torment.
You are immune to petrification.


   Skills:
 - Level 3.2 Fighting
 + Level 4.1 Axes
 - Level 3.2 Armour
 - Level 3.2 Shields


You had 3 spell levels left.
You didn't know any spells.
Your spell library was empty.

Inventory:

Hand Weapons
 h - a +0 flail
 Y - a +0 war axe (weapon)
Armour
 b - a +0 scale mail (worn)
 c - a +0 buckler (worn)
 k - a +0 pair of gloves (worn)
 n - a +0 plate armour
Scrolls
 a - 2 scrolls of identify
 l - a scroll of noise {unknown}
Potions
 d - a potion of might
 e - a potion of resistance
 f - a potion of haste
 g - a potion of heal wounds {unknown}
 i - a potion of mutation {unknown}
 j - a potion of degeneration {unknown}
 m - a potion of curing {unknown}

Dungeon Overview and Level Annotations

Branches:
Dungeon (3/15)

Altars:

Annotations:
D:3 1 runed translucent door, Crazy Yiuf


Message History

The orc is heavily wounded.
The orc closely misses you. The orc hits you but does no damage.
You hit the orc.
You kill the orc!
n - a +0 plate armour You see here a +0 flail.
You now have 146 gold pieces (gained 10).
You see here a +0 leather armour.
Crazy Yiuf grits, "Ten return to song illywillydillykilly!"
An orc comes into view. It is wielding a +0 mace.
The orc shouts!
An orc warrior comes into view. It is wielding a +0 mace.
The orc warrior shouts!
An orc wizard comes into view. It is wielding a +0 dagger.
The orc hits you but does no damage.
You hit the orc.
The orc is heavily wounded.
You closely miss the orc warrior.
You hit the orc warrior but do no damage.
The orc warrior hits you with a +0 mace!
Ouch! That really hurt!
The orc warrior hits you but does no damage.
You barely miss the orc warrior.
The orc warrior hits you with a +0 mace.
You barely miss the orc warrior.
The orc warrior hits you with a +0 mace.
You slash the orc warrior!
The orc warrior is heavily wounded.
The orc warrior hits you with a +0 mace.
The orc warrior barely misses you.
You completely miss the orc warrior.
The orc warrior is heavily wounded.
The orc wizard gestures wildly while chanting.
The orc wizard flickers and vanishes!
Deactivating autopickup; reactivate with Ctrl-A.
The orc warrior barely misses you.
You hit the orc warrior.
The orc warrior is heavily wounded.
The orc warrior hits you with a +0 mace!
You die...

################
#.......@o{o....
####.###########
#.# #.# #.# #.#
#.# #.# #.# #.#
#.#


You could see an orc warrior and an orc.

Vanquished Creatures
  2 adders (D:2)
  A dart slug (D:2)
  4 orcs (D:3)
  3 bats (D:2)
  5 endoplasms
  3 giant cockroaches
  5 goblins
  6 hobgoblins
  4 jackals
  3 kobolds
  2 quokkas (D:2)
  3 ball pythons (D:2)
  4 rats
45 creatures vanquished.

Vanquished Creatures (others)
  An endoplasm (D:1)
  A fungus (D:3)
2 creatures vanquished.

Grand Total: 47 creatures vanquished

Notes
Turn   | Place    | Note
-------+----------+-------------------------------------------
     0 | D:1      | qw the Gargoyle Fighter began the quest for the Orb.
     0 | D:1      | Reached XP level 1. HP: 14/14 MP: 1/1
     0 | D:1      | 0 ||| qw: Version: 0.2-a-10-g399e6c4
     0 | D:1      | 0 ||| qw: Game counter: 280
     0 | D:1      | 0 ||| qw: Always use a shield: true
     0 | D:1      | 0 ||| qw: God list: Okawaru
     0 | D:1      | 0 ||| qw: Allow faded altars: false
     0 | D:1      | 0 ||| qw: Do Orc after D:15 true
     0 | D:1      | 0 ||| qw: Do second Lair branch before Depths: true
     0 | D:1      | 0 ||| qw: Lair rune preference: random
     0 | D:1      | 0 ||| qw: Plans: Normal, Zot:1-4, God:TSO, Crypt, Tomb,
                  | Pan, Slime:5, Hells, Abyss, Orb
     0 | D:1      | 0 ||| PLANNING D:1-11
    95 | D:1      | 95 ||| DROPPING +0 hand axe of venom.
   147 | D:1      | Reached skill level 2 in Axes
   224 | D:1      | 224 ||| Stepping ~*~*~tactically~*~*~ (stealth).
   232 | D:1      | Reached XP level 2. HP: 19/19 MP: 2/2
   507 | D:1      | 507 ||| DROPPING +0 club.
   627 | D:1      | 627 ||| READING 3 scrolls labelled ABITEC NIMIOS.
   628 | D:1      | 628 ||| READING 2 scrolls labelled FAZYW DONETTUI.
   629 | D:1      | 629 ||| READING scroll labelled RITE TUSMA.
   630 | D:1      | 630 ||| READING 2 scrolls of identify.
   630 | D:1      | 630 ||| IDENTIFYING red potion
   631 | D:1      | 631 ||| DROPPING scroll of magic mapping.
   698 | D:2      | Reached skill level 3 in Axes
   698 | D:2      | Reached XP level 3. HP: 23/23 MP: 3/3
   702 | D:2      | 702 ||| Stepping ~*~*~tactically~*~*~ (stealth).
   721 | D:2      | 721 ||| Stepping ~*~*~tactically~*~*~ (stealth).
   759 | D:2      | 759 ||| Stepping ~*~*~tactically~*~*~ (hiding).
   760 | D:2      | 760 ||| Stepping ~*~*~tactically~*~*~ (hiding).
   766 | D:2      | 766 ||| Stepping ~*~*~tactically~*~*~ (stealth).
   767 | D:2      | 767 ||| Stepping ~*~*~tactically~*~*~ (stealth).
   771 | D:2      | 771 ||| Stepping ~*~*~tactically~*~*~ (stealth).
  1161 | D:2      | 1161 ||| Stepping ~*~*~tactically~*~*~ (stealth).
  1242 | D:2      | 1242 ||| DROPPING +0 mace.
  1358 | D:2      | Reached XP level 4. HP: 28/28 MP: 4/4
  1366 | D:2      | 1366 ||| Stepping ~*~*~tactically~*~*~ (hiding).
  1368 | D:2      | 1368 ||| Stepping ~*~*~tactically~*~*~ (hiding).
  1488 | D:2      | Found a faded altar of an unknown god.
  1625 | D:2      | 1625 ||| UPGRADING to +0 pair of gloves.
  1630 | D:2      | 1630 ||| READING scroll labelled REK LINAHY.
  1631 | D:2      | 1631 ||| DRINKING 2 metallic amethyst potions.
  1632 | D:2      | 1632 ||| DRINKING 2 coppery potions.
  1633 | D:2      | 1633 ||| DROPPING potion of flight.
  1819 | D:3      | Reached skill level 4 in Axes
  2012 | D:3      | Found a runed translucent door.
  2013 | D:3      | Noticed Crazy Yiuf
  2063 | D:3      | Noticed an orc warrior
  2073 | D:3      | HP: 5/28 [orc warrior/+0 mace (3)]
  2075 | D:3      | Slain by an orc warrior

Levels and vault maps discovered:
D:1:      dpeg_arrival_rooms_a, layout_rooms, lemuel_flame_loot_1
D:2:      layout_rooms, ebering_ecumenical_altar_hall,
          hangedman_decor_diamond_cutter, reono_crystal_passage
D:3:      minmay_wonky_spiral, layout_basic, uniq_crazy_yiuf_cottage, uniq_robin

Skill      XL: |  1  2  3  4 |
---------------+-------------+-----
Axes           | 2 3 4 |  4.1
Fighting       | |  3.2
Armour         | |  3.2
Shields        | |  3.2

Action                   |  1- 3 |  4- 6 || total
-------------------------+-------+-------++-------
Melee: War axe           |    83 |    38 ||   121
  Use: Scroll            |     4 |     1 ||     5
       Potion            |       |     2 ||     2
 Stab: Distracted        |     1 |       ||     1
Armor: Scale mail        |    37 |    11 ||    48
Dodge: Dodged            |    32 |    13 ||    45
Block: Buckler           |    14 |     7 ||    21

Table legend:
 A = Non-vault XP
 B = Vault XP
 C = Vault XP percentage of total XP
 D = Non-vault monster count
 E = Vault monster count
 F = Vault count percentage of total count
                 A         B        C        D         E       F
            +---------+---------+-------+---------+---------+-------
      Total |     110 |       2 |   1.8 |      44 |       1 |   2.2
            +---------+---------+-------+---------+---------+-------
        D:1 |      18 |       0 |   0.0 |      10 |       0 |   0.0
        D:2 |      76 |       0 |   0.0 |      28 |       0 |   0.0
        D:3 |      16 |       2 |  11.1 |       6 |       1 |  14.3
            +---------+---------+-------+---------+---------+-------
